 Dungeon Crawl Stone Soup version 0.23-a0-32-g1388f29 (webtiles) character file.

11862 glosham the Severer (level 11, -10/101 HPs)
             Began as a Hill Orc Abyssal Knight on Aug 4, 2018.
             Was an Elder of Lugonu.
             Mangled by a two-headed ogre
             ... wielding a +3 great mace of flaming
              (11 damage)
             ... in a volcano.
             The game lasted 01:26:07 (3314 turns).

glosham the Severer (Hill Orc Abyssal Knight)       Turns: 3314, Time: 01:26:08

Health: -10/101    AC: 18    Str: 19    XL:     11   Next: 84%
Magic:  17/17      EV:  7    Int: 12    God:    Lugonu [****..]
Gold:   270        SH:  0    Dex: 10    Spells: 10/10 levels left

rFire    + . .     SeeInvis .   a - +2 battleaxe (vamp)
rCold    . . .     Gourm    .   (shield currently unavailable)
rNeg     . . .     Faith    .   X - +2 chain mail {MR+}
rPois    .         Spirit   .   U - +2 helmet
rElec    .         Reflect  .   Y - +1 cloak
rCorr    .         Harm     .   V - +0 pair of gloves
MR       +....                  (no boots)
Stlth    ..........             z - amulet of magic regeneration
HPRegen  0.26/turn              A - +6 ring of slaying
MPRegen  0.40/turn              B - ring of protection from fire

@: no status effects
A: no striking features
a: Depart the Abyss, Bend Space, Banish, Corrupt, Renounce Religion


You were in a volcano.
You worshipped Lugonu.
Lugonu was greatly pleased with you.
You were not hungry.

You visited 2 branches of the dungeon, and saw 11 of its levels.
You visited the Abyss 1 time.
You also visited: Sewer and Volcano.

You collected 270 gold pieces.

Inventory:

Hand Weapons
 a - a +2 vampiric battleaxe (weapon)
 b - a +3 flail
 c - a +0 blowgun
 d - a +0 glaive
 k - a +0 war axe of freezing
 o - a +0 great mace of flaming
 r - a +0 flail of flaming
 t - a +1 great mace of flaming
Missiles
 f - 10 poisoned needles
Armour
 n - a +3 chain mail of fire resistance
 p - a +0 plate armour
 u - a +2 chain mail of fire resistance
 U - a +2 helmet (worn)
 V - a +0 pair of gloves (worn)
 X - a +2 chain mail of magic resistance (worn)
 Y - a +1 cloak (worn)
Magical Staves
 m - an uncursed staff of conjuration {!a}
Jewellery
 z - an amulet of magic regeneration (around neck)
 A - a +6 ring of slaying (left hand)
 B - a ring of protection from fire (right hand)
 D - an uncursed ring of fire
Wands
 j - a wand of iceblast (3)
Scrolls
 i - a scroll of immolation
 s - 4 scrolls of teleportation
Potions
 h - a potion of ambrosia
 l - 2 potions of flight
 q - a potion of curing
 v - a potion of resistance {unknown}
 w - 2 potions of brilliance {unknown}
Comestibles
 e - 6 rations
 g - 6 chunks of flesh


   Skills:
 - Level 10.7 Fighting
 * Level 17.2 Axes
 - Level 6.0 Armour
 - Level 0.7 Dodging
 - Level 9.2 Invocations


You had 10 spell levels left.
You didn't know any spells.
Your spell library was empty.

Dungeon Overview and Level Annotations

Branches:
Dungeon (10/15)              Lair (1/6) D:9
 Temple: D:4-7          Orc: D:9-12

Altars:
Dithmenos
Fedhas
Gozag
Makhleb
Ru
Trog
Uskayaw

Annotations:
D:10 Erolcha, Grum, Snorg
Lair:1 3 runed doors, adept's ghost, novice GrFi


Message History

Found a rocky tunnel leading out of this place.
You feel yourself slow down.
You slice the two-headed ogre!!
You feel better.
The two-headed ogre is heavily wounded.
The two-headed ogre hits you with a great mace of flaming.
The two-headed ogre hits you but does no damage.
You hit the two-headed ogre but do no damage.
The two-headed ogre is heavily wounded.
Your chain mail prevents you from hitting the two-headed ogre.
The two-headed ogre is heavily wounded.
The two-headed ogre hits you but does no damage.
The two-headed ogre barely misses you.
You slash the two-headed ogre!
You feel better.
The two-headed ogre is severely wounded.
You hit the two-headed ogre.
The two-headed ogre is severely wounded.
The two-headed ogre hits you with a great mace of flaming!
The two-headed ogre burns you.
The two-headed ogre hits you but does no damage.
You hit the two-headed ogre.
The two-headed ogre is severely wounded.
The two-headed ogre hits you with a great mace of flaming!
* * * LOW HITPOINT WARNING * * *
The two-headed ogre burns you.
* * * LOW HITPOINT WARNING * * *
The two-headed ogre hits you with a great mace of flaming.
* * * LOW HITPOINT WARNING * * *
The two-headed ogre burns you.
* * * LOW HITPOINT WARNING * * *
You barely miss the two-headed ogre.
The two-headed ogre is severely wounded.
You closely miss the two-headed ogre.
The two-headed ogre is severely wounded.
The two-headed ogre hits you with a great mace of flaming!
* * * LOW HITPOINT WARNING * * *
The two-headed ogre hits you but does no damage.
You hit the two-headed ogre.
The two-headed ogre is severely wounded.
The two-headed ogre hits you with a great mace of flaming!
You die...

## .# .[ ##### .#
#..###.∩..#
.##..#..[.# #
#.####...##
#.∩.#####.#.#.)###
#!).O@##...###
######.#..§§.##
###.##....§∩...##.
###...).####.........
#.∩...###.#......###.
###.####.).######..#
####..)..# ...#
#.∩#### )[# ## #


You could see a two-headed ogre.

Vanquished Creatures
  Harold (D:10)
  4 two-headed ogres
  3 death yaks (D:9)
  A hell knight (Volcano)
  A black mamba (Lair:1)
  A rime drake (Lair:1)
  A spiny frog (Lair:1)
  A freezing wraith (D:9)
  A merfolk (D:9)
  3 hippogriffs
  A wyvern (D:9)
  6 yaks (Lair:1)
  A hungry ghost (D:10)
  A vampire mosquito (D:9)
  2 water moccasins (Lair:1)
  A porcupine (Lair:1)
  4 orc warriors
  An ice beast (D:5)
  A phantom (D:10)
  A wolf (D:10)
  3 ogres
  2 centaurs
  2 big kobolds
  3 crocodiles
  A wyvern skeleton (D:10)
  2 scorpions
  2 wights (D:6)
  4 howler monkeys
  2 crimson imps (D:8)
  A bullfrog zombie (D:8)
  A hound (D:9)
  A quasit (D:6)
  5 orc priests
  10 orc wizards
  An iguana (D:6)
  3 worker ants
  A hound skeleton (D:8)
  A gnoll (D:4)
  A howler monkey skeleton (D:7)
  3 adders
  A shadow imp (D:6)
  An ooze (D:2)
  An adder skeleton (D:5)
  A leopard gecko (D:8)
  19 orcs
  A giant cockroach (D:2)
  4 hobgoblins (D:2)
  4 jackals
  10 kobolds
  3 quokkas
  A ball python (D:4)
  A jackal skeleton (D:4)
  8 rats
140 creatures vanquished.

Vanquished Creatures (collateral kills)
  Erolcha (D:10)
1 creature vanquished.

Vanquished Creatures (others)
  18 toadstools (D:8)
18 creatures vanquished.

Grand Total: 159 creatures vanquished

Notes
Turn   | Place    | Note
-------+----------+-------------------------------------------
     0 | Abyss:1  | glosham the Hill Orc Abyssal Knight began the quest for the Orb.
     0 | Abyss:1  | Reached XP level 1. HP: 19/19 MP: 2/2
    57 | Abyss:2  | Noticed a blink frog
    57 | Abyss:2  | Noticed a blink frog
    57 | Abyss:2  | Noticed a blink frog
    57 | Abyss:2  | Noticed a blink frog
    57 | Abyss:2  | Noticed a blink frog
    60 | D:1      | Escaped the Abyss
   138 | D:2      | HP: 1/20 [hobgoblin/club (3)]
   143 | D:2      | Reached skill level 4 in Fighting
   198 | D:2      | Reached XP level 2. HP: 6/27 MP: 3/3
   346 | D:2      | You fall through a shaft!
   346 | D:3      | Found a bloodstained altar of Trog.
   367 | D:4      | Found a sacrificial altar of Ru.
   373 | D:4      | Reached skill level 5 in Fighting
   373 | D:4      | Reached XP level 3. HP: 7/36 MP: 4/4
   477 | D:4      | Found a glowing drain.
   503 | Sewer    | Entered a sewer
   506 | Sewer    | Reached * piety under Lugonu
   547 | Sewer    | Noticed a big kobold
   549 | Sewer    | Reached XP level 4. HP: 37/44 MP: 5/5
   555 | Sewer    | Killed a big kobold
   555 | Sewer    | Reached skill level 6 in Fighting
   555 | Sewer    | Reached XP level 5. HP: 41/51 MP: 6/6
   583 | Sewer    | Found a white marble altar of Elyvilon.
   697 | D:4      | Reached skill level 7 in Fighting
   756 | D:4      | Reached XP level 6. HP: 41/61 MP: 7/7
   761 | D:4      | HP: 4/61 [orc priest/nerve-wracking pain (6)]
   767 | D:4      | Reached skill level 8 in Fighting
   840 | D:5      | Entered Level 5 of the Dungeon
   843 | D:5      | Noticed an ice beast
   922 | D:5      | Found a burning altar of Makhleb.
  1005 | D:7      | Noticed an orc warrior
  1022 | D:7      | Killed an orc warrior
  1022 | D:7      | Reached skill level 9 in Fighting
  1022 | D:7      | Reached XP level 7. HP: 35/70 MP: 8/8
  1025 | D:7      | Reached ** piety under Lugonu
  1087 | D:5      | Reached skill level 10 in Fighting
  1202 | D:6      | Reached skill level 3 in Axes
  1233 | D:6      | Reached XP level 8. HP: 65/81 MP: 9/9
  1249 | D:6      | Reached skill level 4 in Axes
  1258 | D:6      | You fall through a shaft!
  1278 | D:7      | Reached skill level 5 in Axes
  1391 | D:8      | Noticed a hippogriff
  1400 | D:8      | Killed a hippogriff
  1400 | D:8      | Reached skill level 7 in Axes
  1443 | D:10     | Entered Level 10 of the Dungeon
  1460 | D:10     | Noticed Harold
  1494 | D:10     | Reached skill level 8 in Axes
  1521 | D:10     | Killed Harold
  1521 | D:10     | Reached skill level 11 in Axes
  1521 | D:10     | Reached XP level 9. HP: 37/86 MP: 10/10
  1629 | D:10     | Noticed Erolcha
  1639 | D:10     | Killed Erolcha
  1639 | D:10     | Reached skill level 12 in Axes
  1773 | D:10     | Reached skill level 13 in Axes
  1777 | D:10     | Noticed Grum
  1779 | D:10     | Reached *** piety under Lugonu
  1783 | D:10     | HP: 7/86 [wolf[Grum] (8)]
  1791 | D:10     | Noticed Snorg
  1792 | D:10     | HP: 7/86 [something/ball of steam (2)]
  1807 | D:10     | Noticed a manticore
  1807 | D:10     | HP: 8/86 [something/ball of steam (3)]
  1965 | D:8      | Reached XP level 10. HP: 46/94 MP: 11/11
  2017 | D:8      | Reached skill level 14 in Axes
  2072 | D:8      | Found a blossoming altar of Fedhas.
  2349 | D:9      | Noticed a two-headed ogre
  2357 | D:9      | Killed a two-headed ogre
  2357 | D:9      | Reached skill level 15 in Axes
  2720 | D:9      | Found a shadowy altar of Dithmenos.
  2729 | D:9      | Reached skill level 16 in Axes
  2762 | D:9      | Found a hide-covered altar of Uskayaw.
  2762 | D:9      | Found an opulent altar of Gozag.
  2772 | D:9      | Noticed a death yak
  2776 | D:9      | Noticed a death yak
  2778 | D:9      | Noticed a death yak
  2790 | D:9      | Killed a death yak
  2790 | D:9      | Reached skill level 3 in Armour
  2790 | D:9      | Reached skill level 4 in Invocations
  2814 | D:9      | Found a staircase to the Lair.
  2830 | D:9      | Killed a death yak
  2830 | D:9      | Reached skill level 4 in Armour
  2830 | D:9      | Reached skill level 5 in Invocations
  2830 | D:9      | Reached XP level 11. HP: 85/101 MP: 13/15
  2837 | D:9      | Killed a death yak
  2837 | D:9      | Reached skill level 5 in Armour
  2837 | D:9      | Reached skill level 6 in Invocations
  2838 | D:9      | Reached **** piety under Lugonu
  2858 | Lair:1   | Entered Level 1 of the Lair of Beasts
  2874 | Lair:1   | Found a runed gate.
  2874 | Lair:1   | Found a runed gate.
  2874 | Lair:1   | Found a runed gate.
  2885 | Lair:1   | Noticed adept's ghost (novice GrFi)
  2909 | Lair:1   | Noticed a minotaur
  2937 | Lair:1   | Reached skill level 7 in Invocations
  2954 | Lair:1   | Reached skill level 6 in Armour
  3128 | Lair:1   | Reached skill level 8 in Invocations
  3174 | Lair:1   | Reached skill level 9 in Invocations
  3226 | Lair:1   | Found a dark tunnel.
  3234 | Lair:1   | Identified a scroll of acquirement
  3240 | Volcano  | Entered a volcano
  3243 | Volcano  | Noticed a two-headed ogre
  3249 | Volcano  | Killed a two-headed ogre
  3254 | Volcano  | Noticed a two-headed ogre
  3261 | Volcano  | Killed a two-headed ogre
  3270 | Volcano  | Noticed a two-headed ogre
  3271 | Volcano  | Noticed a hell knight
  3277 | Volcano  | Killed a two-headed ogre
  3289 | Volcano  | Killed a hell knight
  3289 | Volcano  | Reached skill level 17 in Axes
  3303 | Volcano  | Noticed a two-headed ogre
  3311 | Volcano  | HP: 9/101 [two-headed ogre/great mace of flaming (5)]
  3313 | Volcano  | HP: 1/101 [two-headed ogre/great mace of flaming (8)]
  3314 | Volcano  | Mangled by a two-headed ogre

Vault maps used:
D:1:      saegor_arrival_simple_e
D:2:      minmay_wonky_spiral, minmay_door_square
D:3:      old_standard_altar, bloody_trog, makhleb_altar_promises_db,
          hangedman_abyss_or_decor_lesser_grid, uniq_natasha
D:4:      nicolae_ru_sacrificial_ziggurat, cheibrodos_sewer_entry_drain
D:5:      yredelemnul_altar_generic, kennysheep_little_box, basic_altar,
          first_ration, evilmike_ruin_ashenzari
D:6:      black_bear_nest_2, grunt_qazlal_sundering,
          nicolae_overflow_hidden_temple, elyvilon_altar_4, temple_statues,
          minmay_hedge_maze, nicolae_lava_and_water
D:8:      tgw_fedhas
D:9:      minmay_shrinking_squares, gammafunk_temple_overflow_wave,
          lemuel_crystal_altar, dpeg_lair_monsters, hangedman_fish_farm
D:10:     uniq_grum, uniq_erolcha, uniq_harold, uniq_snorg
Lair:1:   maelrawn_ghost_labyrinth_escape, enter_volcano_1
Sewer:    sewer_kobolds
Volcano:  volcano_caves

Skill      XL: |  1  2  3  4  5  6  7  8  9 10 11 |
---------------+----------------------------------+-----
Fighting       | 4 5 6 7 9 10 | 10.7
Axes           | 3 11 13 16 17 | 17.2
Armour         | 4 6 |  6.0
Invocations    | 5 9 |  9.2
Dodging        | |  0.7

Action                   |  1- 3 |  4- 6 |  7- 9 | 10-12 || total
-------------------------+-------+-------+-------+-------++-------
Melee: Hand axe          |    30 |     1 |    12 |       ||    43
       Short sword       |       |    70 |    47 |       ||   117
       War axe           |       |       |   222 |   155 ||   377
       Battleaxe         |       |       |       |    30 ||    30
 Fire: Blowgun           |       |     6 |     8 |     4 ||    18
Throw: Throwing net      |       |       |     4 |     4 ||     8
Invok: Depart the Abyss  |     1 |       |       |       ||     1
Evoke: Wand              |    19 |    11 |     5 |     3 ||    38
       Phantom mirror    |       |       |     1 |       ||     1
  Use: Scroll            |     7 |     2 |     3 |     5 ||    17
       Potion            |     2 |     3 |     4 |     4 ||    13
 Stab: Held in net/web   |       |       |     2 |     5 ||     7
  Eat: Chunk             |       |       |     5 |     5 ||    10
       Ration            |       |       |     4 |     2 ||     6
Armor: Leather armour    |     8 |       |       |       ||     8
       Ring mail         |     9 |    15 |       |       ||    24
       Chain mail        |       |    16 |   118 |    43 ||   177
       Plate armour      |       |       |    38 |    18 ||    56
Dodge: Dodged            |    31 |    26 |    89 |    32 ||   178

Table legend:
 A = Spawn XP
 B = Non-spawn XP
 C = Spawn XP percentage of total XP
 D = Spawn monster count
 E = Non-spawn monster count
 F = Spawn count percentage of total count
 G = Total turns spent on level
                    A         B        C        D         E        F      G
               +---------+---------+-------+---------+---------+-------+---------
         Total |       0 |   16946 |   0.0 |       0 |     141 |   0.0 |  3314
               +---------+---------+-------+---------+---------+-------+---------
           D:2 |       0 |      21 |   0.0 |       0 |       9 |   0.0 |   221
           D:4 |       0 |     400 |   0.0 |       0 |      16 |   0.0 |   387
           D:5 |       0 |     246 |   0.0 |       0 |       4 |   0.0 |   121
           D:6 |       0 |     240 |   0.0 |       0 |       7 |   0.0 |   210
           D:7 |       0 |     390 |   0.0 |       0 |      11 |   0.0 |   116
           D:8 |       0 |    1395 |   0.0 |       0 |      20 |   0.0 |   513
           D:9 |       0 |    4876 |   0.0 |       0 |      20 |   0.0 |   649
          D:10 |       0 |    2585 |   0.0 |       0 |      24 |   0.0 |   378
        Lair:1 |       0 |    3286 |   0.0 |       0 |      15 |   0.0 |   382
         Sewer |       0 |     116 |   0.0 |       0 |      11 |   0.0 |   117
       Volcano |       0 |    3391 |   0.0 |       0 |       4 |   0.0 |    74
               +---------+---------+-------+---------+---------+-------+---------

Table legend:
 A = Turns spent in this place as a percentage of turns spent in the entire game.
 B = Non-inter-level travel turns spent in this place as a percentage of non-inter-level travel turns spent in the entire game.
 C = Inter-level travel turns spent in this place as a percentage of turns spent in this place.
 D = Turns resting spent in this place as a percentage of non-inter-level travel turns spent in this place.
 E = Turns spent auto-exploring this place as a percentage of non-inter-level travel turns spent in this place.
 F = Non-inter-level travel turns spent in this place divided by the number of levels of this place that you've seen.
                   A       B       C       D       E      F
               +-------+-------+-------+-------+-------+----------------------
         Total | 100.0 | 100.0 |   1.5 |   0.7 |   0.0 | 217.7
       Dungeon |  80.9 |  80.6 |   1.8 |   0.9 |   0.0 | 263.2
          Lair |  11.5 |  11.7 |   0.0 |   0.0 |   0.0 | 382.0
         Abyss |   1.8 |   1.8 |   0.0 |   0.0 |   0.0 |  30.0
         Sewer |   3.5 |   3.6 |   0.0 |   0.0 |   0.0 | 117.0
       Volcano |   2.2 |   2.3 |   0.0 |   0.0 |   0.0 |  74.0
               +-------+-------+-------+-------+-------+----------------------

Table legend:
 A = Kills in this place as a percentage of kills in entire the game.
 B = Kills by you in this place as a percentage of kills by you in the entire game.
 C = Kills by friends in this place as a percentage of kills by friends in the entire game.
 D = Other kills in this place as a percentage of other kills in the entire game.
 E = Experience gained in this place as a percentage of experience gained in the entire game.
 F = Experience gained in this place divided by the number of levels of this place that you have seen.
                   A       B       C       D       E      F
               +-------+-------+-------+-------+-------+----------------------
         Total | 100.0 | 100.0 | 100.0 |   N/A | 100.0 | 1129.7
       Dungeon |  78.7 |  78.6 | 100.0 |   N/A |  59.9 | 1015.3
          Lair |  10.6 |  10.7 |   0.0 |   N/A |  19.4 | 3286.0
         Sewer |   7.8 |   7.9 |   0.0 |   N/A |   0.7 | 116.0
       Volcano |   2.8 |   2.9 |   0.0 |   N/A |  20.0 | 3391.0
               +-------+-------+-------+-------+-------+----------------------

Vault maps used:
D:1:      saegor_arrival_simple_e
D:2:      minmay_wonky_spiral, minmay_door_square
D:3:      old_standard_altar, bloody_trog, makhleb_altar_promises_db,
          hangedman_abyss_or_decor_lesser_grid, uniq_natasha
D:4:      nicolae_ru_sacrificial_ziggurat, cheibrodos_sewer_entry_drain
D:5:      yredelemnul_altar_generic, kennysheep_little_box, basic_altar,
          first_ration, evilmike_ruin_ashenzari
D:6:      black_bear_nest_2, grunt_qazlal_sundering,
          nicolae_overflow_hidden_temple, elyvilon_altar_4, temple_statues,
          minmay_hedge_maze, nicolae_lava_and_water
D:8:      tgw_fedhas
D:9:      minmay_shrinking_squares, gammafunk_temple_overflow_wave,
          lemuel_crystal_altar, dpeg_lair_monsters, hangedman_fish_farm
D:10:     uniq_grum, uniq_erolcha, uniq_harold, uniq_snorg
Lair:1:   maelrawn_ghost_labyrinth_escape, enter_volcano_1
Sewer:    sewer_kobolds
Volcano:  volcano_caves
